 Dungeon Crawl Stone Soup version 0.27.1-33-g824d729ab1 (webtiles) character file.

Game seed: 14353516743542144593

107 zer0cool93 the Skirmisher (level 4, -7/41 HPs)
             Began as a Minotaur Berserker on Nov 24, 2021.
             Was a Believer of Trog.
             Splashed by Ijyb's acid (10 damage)
             ... on level 3 of the Dungeon.
             The game lasted 00:20:45 (2968 turns).

zer0cool93 the Skirmisher (Minotaur Berserker)      Turns: 2968, Time: 00:20:45

Health: -7/41      AC:  1    Str: 20 (22) XL:     4   Next: 57%
Magic:  3/3        EV: 11    Int:  2 (4)  God:    Trog [**....]
Gold:   81         SH:  4    Dex:  9 (10) Spells: 3/3 levels left

rFire    . . .     SeeInvis .   u - +3 dagger
rCold    . . .     Faith    .   (no shield)
rNeg     . . .     Spirit   .   c - +0 ring mail
rPois    .         Reflect  .   (helmet restricted)
rElec    +         Harm     .   (no cloak)
rCorr    .         Rampage  .   (no gloves)
Will     .....                  (no boots)
Stlth    ..........             F - amulet of magic regeneration
HPRegen  0.13/turn              (no ring)
MPRegen  0.33/turn              (no ring)

@: corroded
A: horns 2, retaliatory headbutt, large bone plates 1, electricity resistance
a: Renounce Religion, Berserk, Trog's Hand


You were on level 3 of the Dungeon.
You worshipped Trog.
Trog was pleased with you.
You visited 1 branch of the dungeon, and saw 3 of its levels.

You collected 81 gold pieces.

Inventory:

Hand Weapons
 a - a +0 spear
 d - a +0 antimagic long sword
 e - a +1 dagger of freezing
 g - a +0 dagger
 h - a +0 club
 k - a +0 mace
 l - a +0 quarterstaff
 m - a +0 dagger
 n - a +0 hand axe
 o - a +0 dagger
 p - a +0 club
 q - a +0 dagger
 r - a +0 dagger
 t - a +0 dagger
 u - a +3 dagger (weapon)
 w - a +0 hand axe
 z - a +0 short sword
 C - a +0 club
 D - a +0 hand axe
 E - a +0 hand axe
 G - a +0 flail
 I - a +0 hand axe
 K - a +0 mace
 L - a +0 short sword
Missiles
 f - 31 arrows
 v - 44 stones (quivered)
 A - 40 bolts
 N - 8 poisoned darts
Armour
 b - a +0 animal skin
 c - a +0 ring mail (worn)
 i - a +0 robe
 s - a +0 robe
 x - a +0 ring mail
 H - a +0 leather armour
 J - a +0 scale mail
 M - a +0 scale mail
Jewellery
 F - an amulet of magic regeneration (around neck)
Scrolls
 j - 2 scrolls of identify {unknown}
 y - a scroll of vulnerability {unknown}
 B - 2 scrolls of teleportation {unknown}


   Skills:
 + Level 4.5 Fighting
 + Level 1.5(1.8) Short Blades
 + Level 1.4(1.9) Long Blades
 + Level 4.0 Polearms
 + Level 3.4 Armour
 + Level 2.7 Dodging


You had 3 spell levels left.
You didn't know any spells.
Your spell library was empty.

Dungeon Overview and Level Annotations

Branches:
Dungeon (3/15)

Altars:
Vehumet

Annotations:
D:3 Ijyb


Innate Abilities, Weirdness & Mutations

You have a pair of horns on your head.
You reflexively headbutt those who attack you in melee.
You are partially covered in large bone plates. (SH +4)
You are resistant to electric shocks. (rElec)


Message History

An orc comes into view. It is wielding a +0 mace.
An orc is nearby!
The orc shouts!
You barely miss the orc. Your headbutt misses the orc.
The orc hits you but does no damage.
You puncture the orc!
You kill the orc!
Trog accepts your kill.
Things that are here:
a +0 mace; an orc corpse
K - a +0 mace You start resting.
HP restored.
You start waiting.
Done waiting.
You start waiting.
Done waiting.
You see here an orc skeleton.
There are no objects that can be picked up here. an orc skeleton You start waiting.
Done waiting.
You start waiting.
Done waiting.
Things that are here:
a +0 short sword; a +0 scale mail
L - a +0 short sword;
M - a +0 scale mail
Found 8 poisoned darts.
You see here 8 poisoned darts.
N - 8 poisoned darts
There is an open door here.
Ijyb the Twisted Goblin comes into view.
She is wielding a +0 club and carrying a wand of acid (5).
Ijyb shouts!
Ijyb zaps a wand.
The bolt of acid hits you! The acid corrodes you!
You are splashed with acid!
Ijyb grins evilly.
Ijyb zaps a wand.
The bolt of acid hits you!
* * * LOW HITPOINT WARNING * * *
You are splashed with acid!
You die...

.#....#.....#.....# #
.#....#.....#.....####..
#
.###..#.....##'####.....
# .#
...#.....##.#........ #
.#.#..#.....##.#....g...
#
.#.##.#.....##.#........
#.## .#
.#....###.#........ #.##
.# #........#........
#.## .#
##...#####@####### #.#.
.# #....#### ##'#.....#
#.#. .# #..#.
#....###.#######.#. .#
#. #.
#................#. .# #
#. #...#..............
.#
...................##.
#####....##.........#.
#....##########.#.
#....# .#.


You could see Ijyb.

Vanquished Creatures
  Terence (D:3)
  2 adders
  2 dart slugs
  5 orcs (D:3)
  2 endoplasms
  3 giant cockroaches
  4 goblins
  9 hobgoblins
  3 kobolds (D:2)
  A quokka (D:1)
  8 ball pythons
  5 bats
  6 frilled lizards
  2 rats
53 creatures vanquished.

Notes
Turn   | Place    | Note
-------+----------+-------------------------------------------
     0 | D:1      | zer0cool93 the Minotaur Berserker began the quest for the
                  | Orb.
     0 | D:1      | Reached XP level 1. HP: 19/19 MP: 0/0
   373 | D:1      | Reached XP level 2. HP: 27/27 MP: 1/1
   447 | D:1      | Found a faded altar of an unknown god.
   734 | D:1      | Reached ** piety under Trog
   898 | D:2      | Reached XP level 3. HP: 33/33 MP: 2/2
  1135 | D:2      | Gained mutation: You have an increased reservoir of magic.
                  | (+10% MP) [potion of mutation]
  1135 | D:2      | Gained mutation: You have sharp toenails. [potion of
                  | mutation]
  1135 | D:2      | Gained mutation: You are strong-willed. (Will+) [potion of
                  | mutation]
  1135 | D:2      | Gained mutation: You are resistant to electric shocks.
                  | (rElec) [potion of mutation]
  1212 | D:2      | Reached skill level 1 in Long Blades
  1876 | D:3      | Found a radiant altar of Vehumet.
  1882 | D:3      | Reached XP level 4. HP: 41/41 MP: 3/3
  2233 | D:3      | Lost mutation: You are strong-willed. (Will+) [potion of
                  | mutation]
  2233 | D:3      | Lost mutation: You have an increased reservoir of magic.
                  | (+10% MP) [potion of mutation]
  2233 | D:3      | Lost mutation: You have sharp toenails. [potion of
                  | mutation]
  2233 | D:3      | Gained mutation: You are partially covered in large bone
                  | plates. (SH +4) [potion of mutation]
  2270 | D:3      | Reached skill level 1 in Short Blades
  2287 | D:3      | Noticed Terence
  2314 | D:3      | Killed Terence
  2966 | D:3      | Noticed Ijyb
  2968 | D:3      | Splashed by Ijyb's acid

Illustrated notes

Levels and vault maps discovered:
D:1:      pf_arrival_petrified_forest, layout_loops_cross,
          hellmonk_ecumenical_altar_blasted
D:2:      layout_basic
D:3:      cheibrodos_greedy_goblins, layout_basic, nicolae_vehumet_altar_sigil,
          serial_shops, shop, due_unseen_surprise, uniq_terence, uniq_ijyb,
          uniq_sigmund

Skill      XL: |  1  2  3  4 |
---------------+-------------+-----
Fighting       | 4 |  4.5
Long Blades    | 1 |  1.4
Polearms       | 4 |  4.0
Armour         | 3 |  3.4
Short Blades   | 1 |  1.5
Dodging        | |  2.7

Action                   |  1- 3 |  4- 6 || total
-------------------------+-------+-------++-------
Melee: Long sword        |    15 |       ||    15
       Dagger            |    84 |    35 ||   119
       Headbutt          |    10 |     6 ||    16
       Kick              |     2 |     2 ||     4
Invok: Berserk           |     1 |       ||     1
  Use: Potion            |     6 |     1 ||     7
       Scroll            |     1 |     1 ||     2
Armor: Ring mail         |    33 |     5 ||    38
Dodge: Dodged            |    50 |     9 ||    59
Block: Other             |       |     6 ||     6
       Rpst.: Long sword |     2 |       ||     2
